 Dungeon Crawl Stone Soup version 0.28-a0-1234-g826d19b2e0 (webtiles) character file.

Game seed: 6278743046142032194

11274 dr0g0th the Cleaver (level 11, -4/99 HPs)
             Began as a Minotaur Fighter on Dec 23, 2021.
             Was an Initiate of Okawaru.
             Shot with a bolt by a yaktaur (22 damage)
             ... on level 11 of the Dungeon.
             The game lasted 00:16:17 (12055 turns).

dr0g0th the Cleaver (Minotaur Fighter)             Turns: 12055, Time: 00:16:18

Health: -4/99      AC: 27    Str: 29      XL:     11   Next: 47%
Magic:  10/10      EV: 10    Int:  7      God:    Okawaru [......]
Gold:   422        SH:  4    Dex:  8 (9)  Spells: 10/10 levels left

rFire   . . .      SeeInvis .   b - +0 battleaxe
rCold   . . .      Faith    .   (shield currently unavailable)
rNeg    . . .      Spirit   .   A - +10 chain mail of Okawaru's Anger {rF- rCorr Str+3 Stlth+}
rPois   .          Reflect  .   (helmet restricted)
rElec   .          Harm     .   n - +0 cloak
rCorr   +          Rampage  .   H - +1 pair of gloves {infuse}
Will    .....                   (no boots)
Stlth   ..........              g - amulet of magic regeneration
HPRegen 0.26/turn               j - ring of resist corrosion
MPRegen 0.52/turn               a - ring of protection from fire

@: no status effects
A: horns 2, retaliatory headbutt, iridescent scales 1, large bone plates 1,
clever 1, deterioration 1, wild magic 1
a: Renounce Religion


You were on level 11 of the Dungeon.
You worshipped Okawaru.
Okawaru was noncommittal.
You visited 1 branch of the dungeon, and saw 11 of its levels.
You also visited: Sewer, Ossuary and Bailey.

You collected 582 gold pieces.
You spent 160 gold pieces at shops.

Inventory:

Hand Weapons
 b - a +0 battleaxe (weapon)
 w - a +0 club
Missiles
 C - a throwing net (quivered)
Armour
 n - a +0 cloak (worn)
 A - the +10 chain mail of Okawaru's Anger (worn) {rF- rCorr Str+3 Stlth+}
   (You took it off an orc warrior on level 7 of the Dungeon)

   Str:       It affects your strength (+3).
   rF:        It makes you vulnerable to fire.
   rCorr:     It protects you from acid and corrosion.
   Stlth:     It makes you more stealthy.
 H - a +1 pair of gloves of infusion (worn)
Jewellery
 a - a ring of protection from fire (right hand)
 g - an amulet of magic regeneration (around neck)
 j - a ring of resist corrosion (left hand)
 s - a ring of protection from cold
 z - a ring of wizardry
 F - a ring of resist corrosion
Wands
 c - a wand of polymorph (18)
 f - a wand of charming (7)
 B - a wand of flame (19)
 D - a wand of acid (10)
 E - a wand of iceblast (6)
Scrolls
 e - 3 scrolls of enchant weapon
 h - 9 scrolls of teleportation
 l - 4 scrolls of identify
 p - a scroll of holy word
 r - 4 scrolls of fear
 y - a scroll of enchant armour
Potions
 d - 2 potions of cancellation
 k - 3 potions of magic
 m - 3 potions of curing
 o - 2 potions of haste
 q - 5 potions of heal wounds
 t - a potion of resistance
 x - a potion of flight
 G - 3 potions of mutation
 I - a potion of brilliance
 J - a potion of experience
 K - a potion of invisibility


   Skills:
 + Level 10.0 Fighting
 + Level 14.2 Axes
 + Level 10.5 Armour
 + Level 6.0 Dodging
 + Level 1.9 Stealth
 + Level 7.6 Shields


You had 10 spell levels left.
You didn't know any spells.
Your spell library contained the following spells:

 Spells                   Type           Power      Damage    Failure   Level
 Foxfire                  Conj/Fire      0%         2x1d4     92%         1
 Conjure Flame            Conj/Fire      0%         6-21      100%        3
 Dazzling Flash           Conj/Hex       0%         N/A       100%        3
 Inner Flame              Hex/Fire       0%         N/A       100%        3
 Flame Wave               Conj/Fire      0%         2d4       100%        4
 Agony                    Necr           0%         N/A       100%        5
 Silence                  Hex/Air        0%         N/A       100%        5


Dungeon Overview and Level Annotations

Branches:
Dungeon (11/15)            Temple (0/1) D:4            Lair (0/6) D:8
  Sewer (visited)         Ossuary (visited)          Bailey (visited)
    Orc: D:9-12

Altars:
Elyvilon
Fedhas
Hepliaklqana
Okawaru
Ru
Wu Jian
Xom
Yredelemnul
Beogh

Shops:
D:3 =   D:5 ![([   D:6 :*


Innate Abilities, Weirdness & Mutations

You have a pair of horns on your head.
You reflexively headbutt those who attack you in melee.
You are partially covered in iridescent scales. (AC +2)
You are partially covered in large bone plates. (SH +4)
Your mind is acute. (Int +2)
Your body sometimes deteriorates upon taking damage.
Your spells are a little harder to cast, but a little more powerful.


Message History

The bolt closely misses you.
You hear a shout!
Found a falchion and a leather armour.
The yaktaur shoots a bolt.
The bolt hits you.
The yaktaur shoots a bolt.
The bolt hits you. The bolt burns you.
There is a stone staircase leading up, spattered with blood here.
The yaktaur shoots a bolt.
The bolt hits you but does no damage.
A kobold comes into view. It is wielding a +0 club.
The kobold throws a poisoned dart.
The poisoned dart closely misses you.
You hear a shout!
You barely miss the yaktaur. You headbutt the yaktaur.
The yaktaur is lightly wounded.
The yaktaur unwields a +0 arbalest.
The yaktaur hits you but does no damage.
The yaktaur shoots a bolt.
The bolt hits you! The bolt burns you.
The yaktaur shoots a bolt.
The bolt hits you!!
A kobold brigand comes into view. It is wielding a +0 whip of venom.
The kobold throws a stone.
The stone misses you.
You are too injured to fight recklessly!
The yaktaur hits you.
The yaktaur unwields a +3 arbalest of flaming.
It stops flaming.
The yaktaur hits you but does no damage.
The yaktaur wields a +0 arbalest.
The yaktaur shoots a bolt.
The bolt hits you!
Your body deteriorates!
You feel clumsy.
The yaktaur wields a +0 arbalest.
The yaktaur shoots a bolt.
The bolt hits you but does no damage.
The yaktaur wields a +3 arbalest of flaming.
It bursts into flame!
The yaktaur shoots a bolt.
The bolt barely misses you.
A kobold comes into view. It is wielding a +0 club.
You hear a shout!
The kobold shouts!
The yaktaur shoots a bolt.
You block the bolt.
The yaktaur shoots a bolt.
The bolt hits you!
* * * LOW HITPOINT WARNING * * *
The yaktaur shoots a bolt.
The bolt misses you.
There is a stone staircase leading up, spattered with blood here.
Unknown command.
You block the kobold's attack.
The yaktaur shoots a bolt.
The bolt hits you!!
You die...

#.....#...........#....
#.......>.....#...#....
##..#.........#........ #
##.#..................
###>###.#................#.
#...$...##..........#......
.........##.##..##..#......
..#.......#................
......#...@.c....# .###...#
..........Kcc....# ##..
...................
........##.#c....).
#......##.K#K....[. .....
...........
..K#.##.......... ..
........... ............


You could see 4 yaktaurs, a kobold brigand and 3 kobolds.

Vanquished Creatures
  3 two-headed ogres
  The ghost of bande the Cleaver, a novice GrFi of Okawaru (D:7)
  An orc knight (Bailey)
  2 tengu conjurers (D:9)
  A troll (D:9)
  2 hornets (D:9)
  Prince Ribbit (D:6)
  2 wraiths
  4 wyverns
  Sigmund (D:3)
  13 yaks
  2 basilisks (D:8)
  A steam dragon (D:8)
  Eustachio (D:6)
  6 water moccasins
  2 necrophages
  3 orc warriors
  2 sky beasts
  An ogre (D:5)
  A centaur (D:8)
  A phantom (D:7)
  3 kobold brigands (Sewer)
  3 bullfrogs
  A scorpion (D:6)
  10 killer bees
  5 wights (D:5)
  2 centaur zombies
  6 orc priests
  2 hounds
  2 jellies
  A gnoll shaman (D:6)
  A human zombie (Ossuary)
  A bullfrog skeleton (D:7)
  5 orc wizards
  2 iguanas
  Natasha (twice) (D:4)
  A killer bee zombie (D:7)
  4 mummies
  21 gnolls
  A howler monkey skeleton (D:4)
  12 adders
  3 river rats (Sewer)
  2 white imps
  An ufetubus (D:6)
  An adder zombie (D:5)
  3 worms (Sewer)
  4 dart slugs
  26 orcs
  12 ball pythons
  6 bats
  13 endoplasms
  2 giant cockroaches (D:3)
  A gnoll zombie (Ossuary)
  8 goblins
  14 hobgoblins
  9 jackals
  3 quokkas
  2 frilled lizards
  3 goblin zombies (Ossuary)
  3 hobgoblin zombies (Ossuary)
  19 kobolds
  5 kobold zombies (Ossuary)
  12 rats
288 creatures vanquished.

Vanquished Creatures (others)
  14 plants (D:8)
14 creatures vanquished.

Grand Total: 302 creatures vanquished

Notes
Turn   | Place    | Note
-------+----------+-------------------------------------------
     0 | D:1      | dr0g0th the Minotaur Fighter began the quest for the Orb.
     0 | D:1      | Reached XP level 1. HP: 19/19 MP: 0/0
   320 | D:1      | Found a faded altar of an unknown god.
   478 | D:1      | Reached XP level 2. HP: 24/27 MP: 1/1
  1115 | D:2      | Reached XP level 3. HP: 33/33 MP: 2/2
  1242 | D:2      | Reached skill level 3 in Axes
  1579 | D:2      | Reached XP level 4. HP: 41/41 MP: 3/3
  2460 | D:3      | Reached skill level 5 in Armour
  2493 | D:3      | Found Loel's Jewellery Emporium.
  2527 | D:3      | Noticed Sigmund
  2543 | D:3      | Killed Sigmund
  2544 | D:3      | Reached skill level 4 in Axes
  2544 | D:3      | Reached skill level 1 in Dodging
  2544 | D:3      | Reached XP level 5. HP: 4/47 MP: 4/4
  2888 | D:3      | Found a glowing drain.
  2921 | D:3      | Found an ornate altar of the Wu Jian Council.
  2940 | D:3      | Reached XP level 6. HP: 22/53 MP: 5/5
  2991 | Sewer    | Entered a sewer
  3272 | Sewer    | Reached skill level 5 in Axes
  3638 | Sewer    | Reached skill level 5 in Fighting
  3638 | Sewer    | Reached XP level 7. HP: 45/61 MP: 6/6
  4519 | D:4      | Noticed Natasha
  4525 | D:4      | Killed Natasha
  4538 | D:4      | Found a staircase to the Ecumenical Temple.
  4678 | D:4      | Noticed Natasha
  4682 | D:4      | Killed Natasha
  4687 | D:4      | Reached skill level 6 in Axes
  4842 | D:5      | Entered Level 5 of the Dungeon
  4842 | D:5      | Found Yhufen's Antique Weapon Boutique.
  4986 | D:5      | Found Xecigipi's Antique Armour Shop.
  5099 | D:5      | Reached skill level 7 in Axes
  5268 | D:5      | Reached XP level 8. HP: 68/70 MP: 7/7
  5279 | D:5      | Found Lemn's Distillery.
  5285 | D:5      | Bought 2 potions of mutation for 160 gold pieces
  5293 | D:5      | Gained mutation: Your flesh is cold resistant. (rC+)
                  | [potion of mutation]
  5293 | D:5      | Gained mutation: You occasionally shout uncontrollably at
                  | your foes. [potion of mutation]
  5293 | D:5      | Gained mutation: You have large cloven feet. [potion of
                  | mutation]
  5294 | D:5      | Lost mutation: You occasionally shout uncontrollably at
                  | your foes. [potion of mutation]
  5294 | D:5      | Lost mutation: You have large cloven feet. [potion of
                  | mutation]
  5294 | D:5      | Lost mutation: Your flesh is cold resistant. (rC+) [potion
                  | of mutation]
  5294 | D:5      | Gained mutation: Your natural rate of healing is unusually
                  | fast. [potion of mutation]
  5294 | D:5      | Gained mutation: Your mind is acute. (Int +2) [potion of
                  | mutation]
  5294 | D:5      | Gained mutation: Your system is resistant to poisons.
                  | (rPois) [potion of mutation]
  5387 | D:5      | Found Muusse's Armour Emporium.
  5402 | D:5      | Reached skill level 5 in Shields
  5737 | D:6      | Reached skill level 8 in Axes
  5739 | D:6      | Noticed Eustachio
  5748 | D:6      | Killed Eustachio
  5779 | D:6      | Found a basalt altar of Yredelemnul.
  5878 | D:6      | Found a sand-covered staircase.
  5887 | Ossuary  | Entered an ossuary
  6360 | D:6      | Noticed Prince Ribbit
  6377 | D:6      | Found Porch's Lightly-Used Armoury.
  6379 | D:6      | Killed Prince Ribbit
  6380 | D:6      | Reached skill level 9 in Axes
  6380 | D:6      | Reached XP level 9. HP: 61/79 MP: 8/8
  6741 | D:6      | Identified the +0 leather armour of Evolution {rCorr MP+9}
  6811 | D:6      | Found Haunt's Book Emporium.
  6975 | D:7      | Found a sacrificial altar of Ru.
  7110 | D:7      | Reached skill level 1 in Stealth
  7159 | D:7      | Lost mutation: Your natural rate of healing is unusually
                  | fast. [potion of mutation]
  7159 | D:7      | Lost mutation: Your system is resistant to poisons. (rPois)
                  | [potion of mutation]
  7159 | D:7      | Gained mutation: You are partially covered in iridescent
                  | scales. (AC +2) [potion of mutation]
  7159 | D:7      | Gained mutation: Your body sometimes deteriorates upon
                  | taking damage. [potion of mutation]
  7159 | D:7      | Gained mutation: Your spells are a little harder to cast,
                  | but a little more powerful. [potion of mutation]
  7159 | D:7      | Gained mutation: You are partially covered in large bone
                  | plates. (SH +4) [potion of mutation]
  7561 | D:7      | Found a white marble altar of Elyvilon.
  7654 | D:7      | Found a runed translucent gate.
  7654 | D:7      | Found a runed translucent gate.
  7654 | D:7      | Found a runed translucent gate.
  7657 | D:7      | Identified the +10 chain mail of Okawaru's Anger {rF- rCorr
                  | Str+3 Stlth+}
  7657 | D:7      | Noticed bande's ghost (novice GrFi)
  8026 | D:7      | Reached skill level 10 in Axes
  8042 | D:7      | Killed bande's ghost
  8319 | D:8      | Found a staircase to the Lair.
  8324 | D:8      | Reached XP level 10. HP: 90/90 MP: 5/9
  8326 | D:8      | Reached skill level 5 in Dodging
  8332 | D:8      | Reached skill level 11 in Axes
  8700 | D:8      | Reached skill level 12 in Axes
  8884 | D:8      | Found a hazy altar of Hepliaklqana.
  9257 | D:8      | Noticed a two-headed ogre
  9261 | D:8      | Killed a two-headed ogre
  9680 | D:9      | Reached skill level 13 in Axes
  9858 | D:9      | Reached XP level 11. HP: 76/97 MP: 1/10
 10088 | D:9      | Reached skill level 10 in Armour
 10385 | D:9      | Paralysed by a hornet for 1 turns
 10453 | D:9      | Noticed a two-headed ogre
 10460 | D:9      | Killed a two-headed ogre
 10800 | D:10     | Entered Level 10 of the Dungeon
 10917 | D:10     | Noticed a two-headed ogre
 10925 | D:10     | Killed a two-headed ogre
 10937 | D:10     | Found a flagged portal.
 10946 | Bailey   | Entered a bailey
 11060 | Bailey   | Reached skill level 14 in Axes
 11277 | Bailey   | Noticed an orc knight
 11295 | Bailey   | Killed an orc knight
 11512 | D:10     | Found a shimmering altar of Xom.
 11515 | D:10     | Found a shimmering altar of Xom.
 11515 | D:10     | Found a shimmering altar of Xom.
 11515 | D:10     | Found a shimmering altar of Xom.
 11515 | D:10     | Found a shimmering altar of Xom.
 11516 | D:10     | Found a shimmering altar of Xom.
 11516 | D:10     | Found a shimmering altar of Xom.
 11516 | D:10     | Found a shimmering altar of Xom.
 11775 | D:10     | Identified the +12 chain mail "Plog" {Will++}
 11805 | D:10     | Found an iron altar of Okawaru.
 11914 | D:10     | Found a blossoming altar of Fedhas.
 11967 | D:10     | Became a worshipper of Warmaster Okawaru
 11997 | D:11     | Reached skill level 10 in Fighting
 12055 | D:11     | Shot with a bolt by a yaktaur

Illustrated notes

Levels and vault maps discovered:
D:1:      dpeg_arrival_solitude, layout_loops_corners,
          shapermc_ecumenical_altar_mp_ritualfount
D:2:      wad_pebble_path, layout_loops_ring, serial_co_window_serial,
          co_window_paths_a, co_window_cross_1, co_window_corner_a,
          co_window_paths_a, co_window_paths_b, co_window_paths_c,
          co_window_corner_b, co_window_paths_c, co_window_corner_b,
          co_window_4corner_b, glass_columns_a, glass_columns_b, minmay_ruptured
D:3:      layout_rooms, nicolae_wu_jian_immortal_techniques, serial_shops, shop,
          portal_sewer_entry_c, uniq_sigmund
D:4:      layout_rooms, minmay_temple_entry_poolview, uniq_natasha
D:5:      layout_cave_pools, serial_shops, nicolae_shop_advertising_works
          [nicolae_subvault_shop_adworks], nicolae_shop_stone, shop_coins, shop,
          chequers_serial_rivers_small_b
D:6:      layout_loops_ring, overflow_temple_1_default, serial_shops,
          shop_fountains, gup_ossuary_entry_pyramid, minmay_shop_damaged,
          uniq_eustachio, uniq_prince_ribbit1
D:7:      layout_rooms, mainiacjoe_overflow_surrounded_room,
          mainiacjoe_overflow_alcove_4, biasface_ghost_orc_armoury,
          serial_co_window_serial, co_window_corner_a,
          co_window_of_opportunity_a, co_window_paths_b, co_window_paths_a,
          co_window_of_opportunity_a, co_window_broadway_a,
          co_window_of_opportunity_b, co_window_broadway_c, co_window_2corner,
          co_window_unsneaky_path_b, co_window_corner_b, co_window_paths_e,
          glass_columns_a, glass_columns_b, kennysheep_generic_room_4
D:8:      layout_loops_ring, mainiacjoe_overflow_small_starburst,
          minmay_lair_entry_grove, kennysheep_generic_room_8
D:9:      layout_grid_maze
D:10:     layout_cave_pools, okawaru_trees_1, kennysheep_mini_moat,
          xom_redecorated, serial_column_ruins, column_ruins_open_tiny,
          column_ruins_grid_2, column_ruins_columns_straight,
          column_ruins_grid_1, column_ruins_columns_straight, enter_bailey_3
D:11:     layout_cave_pools, kennysheep_orc_monster_closet_entryway,
          grunt_dithmenos_smoke

Skill      XL: |  1  2  3  4  5  6  7  8  9 10 11 |
---------------+----------------------------------+-----
Fighting       | 4 5 7 8 9 10 | 10.0
Armour         | 4 5 6 7 8 9 10 | 10.5
Shields        | 4 5 6 7 |  7.6
Axes           | 3 4 5 7 9 10 13 14 | 14.2
Dodging        | 1 2 3 4 5 6 |  6.0
Stealth        | 1 |  1.9

Action                   |  1- 3 |  4- 6 |  7- 9 | 10-12 || total
-------------------------+-------+-------+-------+-------++-------
Melee: War axe           |    64 |   112 |   167 |       ||   343
       Headbutt          |    11 |    15 |    65 |    37 ||   128
       Hand axe          |       |       |   209 |       ||   209
       Battleaxe         |       |       |    17 |   230 ||   247
  Use: Potion            |       |     5 |     5 |     4 ||    14
       Scroll            |       |       |     9 |     8 ||    17
 Stab: Invisible         |       |       |       |     4 ||     4
Armor: Scale mail        |    23 |    40 |    74 |       ||   137
       Chain mail        |       |       |    24 |   196 ||   220
       Skin              |       |       |    17 |       ||    17
       Leather armour    |       |       |     7 |       ||     7
Dodge: Dodged            |    34 |    41 |   190 |   142 ||   407
Block: Buckler           |    22 |    16 |    68 |       ||   106
       Other             |       |       |     7 |    50 ||    57

Table legend: (Time is in decaauts)
 A = Elapsed time spent in this place.
 B = Non-inter-level travel time spent in this place.
 C = Inter-level travel time spent in this place.
 D = Time resting spent in this place.
 E = Time spent auto-exploring this place.
 F = Levels seen in this place.
 G = Mean time per level.
                   A        B        C        D        E       F      G
               +--------+--------+--------+--------+--------+-----+--------+
         Total |  12241 |  11846 |    395 |   1145 |   8760 |  14 |  874.4 |
       Dungeon |   9968 |   9573 |    395 |    707 |   7448 |  11 |  906.2 |
         Sewer |   1378 |   1378 |      0 |    376 |    755 |   1 | 1378.0 |
       Ossuary |    399 |    399 |      0 |      0 |    288 |   1 |  399.0 |
        Bailey |    495 |    495 |      0 |     62 |    268 |   1 |  495.0 |
               +--------+--------+--------+--------+--------+-----+--------+

Top non-repeatable levels by time:
   Sewer: 1378 daAuts
     D:8: 1370 daAuts
     D:7: 1296 daAuts
     D:9: 1241 daAuts
     D:2: 1209 daAuts
     D:1: 1108 daAuts
     D:3: 899 daAuts
     D:5: 880 daAuts
     D:6: 772 daAuts
    D:10: 676 daAuts
  Bailey: 495 daAuts
     D:4: 444 daAuts
 Ossuary: 399 daAuts
    D:11: 68 daAuts
